Map: Frozen Temple

Players

prabuty

  • Race: Protoss Protoss
  • League: Master

Miszu - Winner!

  • Race: Terran Terran
  • League: Master

VOD

Have the link to the VOD?

Description

Time

  • Played on: May 3, 2016, 1:05 p.m.
  • Length: 9:43
Show
View Real Time Build Order
Export as new Build Order

prabuty Protoss 

Build Orders: 1 Gate Expand 

Get SALT Encoding   

  12  0:01  Probe (Chrono Boost)  
  13  0:11  Probe (Chrono Boost)  
  14  0:18  Pylon  
  14  0:22  Probe (Chrono Boost)  
  15  0:37  Probe (Chrono Boost)  
  15  0:38  Gateway  
  16  0:42  Assimilator  
  16  0:47  Probe (Chrono Boost)  
  17  0:58  Probe (Chrono Boost)  
  18  1:08  Probe (Chrono Boost)  
  19  1:21  Nexus  
  19  1:23  Probe (Chrono Boost)  
  20  1:33  Cybernetics Core  
  20  1:36  Probe (Chrono Boost)  
  21  1:41  Assimilator  
  21  1:47  Probe (Chrono Boost)  
  22  1:51  Pylon  
  22  1:58  Probe (Chrono Boost)  
  23  2:11  Stalker (Chrono Boost), Probe  
  23  2:12  Warp Gate  
  26  2:24  Probe  
  27  2:30  Mothership Core  
  27  2:36  Probe  
  30  2:37  Stalker (Chrono Boost)  
  32  2:48  Probe  
  32  2:50  Probe  
  34  3:00  Probe x2  
  34  3:03  Stalker (Chrono Boost)  
  38  3:11  Probe  
  38  3:12  Probe  
  40  3:21  Probe  
  40  3:24  Probe  
  42  3:28  Robotics Facility  
  42  3:33  Gateway, Probe  
  39  3:42  Probe (Chrono Boost)  
  39  3:44  Probe (Chrono Boost)  
  39  3:47  Pylon  
  41  3:54  Assimilator, Probe (Chrono Boost)  
  42  3:56  Gateway x2, Assimilator  
  42  3:59  Probe (Chrono Boost)  
  43  4:04  Probe (Chrono Boost)  
  43  4:09  Probe (Chrono Boost)  
  45  4:13  Probe (Chrono Boost)  
  45  4:15  Warp Prism (Chrono Boost)  
  48  4:20  Probe  
  48  4:23  Twilight Council, Probe  
  49  4:26  Forge  
  49  4:30  Pylon  
  50  4:32  Probe  
  50  4:34  Probe  
  52  4:42  Pylon  
  52  4:44  Probe  
  53  4:48  Charge, Observer (Chrono Boost)  
  53  4:49  Probe  
  55  5:02  Protoss Ground Armor Level 1 (Chrono Boost)  
  55  5:03  Probe  
  55  5:07  Nexus  
  56  5:10  Probe  
  58  5:14  Observer  
  58  5:16  Adept  
  58  5:17  Adept  
  58  5:18  Adept  
  64  5:21  Adept  
  64  5:24  Probe x2  
  68  5:36  Probe  
  67  5:47  Probe  
  68  5:50  Pylon  
  68  5:51  Probe  
  68  5:53  Pylon  
  68  5:56  Gateway  
  69  5:58  Gateway  
  69  6:00  Gateway  
  69  6:01  Probe  
  69  6:04  Gateway  
  70  6:12  Probe  
  70  6:13  Sentry  
  70  6:15  Stalker x3  
  79  6:30  Pylon  
  79  6:39  Zealot x3  
  85  6:40  Zealot  
  79  6:49  Blink  
  79  6:50  Zealot x2  
  79  6:51  Zealot x2  
  87  6:56  Pylon  
  87  6:57  Pylon  
  87  6:58  Mothership Core  
  87  7:06  Protoss Ground Weapons Level 1 (Chrono Boost)  
  87  7:15  Stalker x4  
  95  7:18  Stalker  
  97  7:27  Zealot x3  
  101  7:39  Zealot x4  
  102  7:46  Zealot  
  92  7:53  Zealot x3  
  86  8:01  Stalker x4  
  84  8:07  Zealot  
  84  8:08  Probe  
  77  8:15  Stalker x3  
  77  8:25  Zealot  
  77  8:26  Zealot  
  73  8:27  Stalker x3  
  72  8:40  Zealot x2  
  72  8:41  Zealot  
  72  8:42  Probe  
  72  8:44  Probe x2  
  69  8:49  Zealot  
  69  8:50  Zealot x3  
  69  8:53  Probe  
  78  8:56  Probe x2  
  78  9:01  Pylon  
  80  9:03  Probe  
  80  9:07  Stalker  
  80  9:08  Probe x2  
  85  9:14  Probe  
  86  9:19  Stalker  
  86  9:20  Stalker  
  90  9:30  Zealot x3  
Show
View Real Time Build Order
Export as new Build Order

Miszu Terran - Winner!

Build Orders: Command Center First (CC), MMM Bio 

Get SALT Encoding   

  12  0:00  SCV  
  13  0:12  SCV  
  14  0:18  Supply Depot  
  14  0:25  SCV  
  15  0:39  SCV  
  16  0:51  SCV  
  17  1:00  Command Center  
  17  1:04  SCV  
  18  1:17  SCV  
  18  1:18  Barracks  
  19  1:29  SCV  
  19  1:30  Barracks  
  20  1:41  SCV  
  20  1:43  Barracks  
  21  1:53  SCV  
  22  2:09  Marine, Orbital Command  
  22  2:12  Orbital Command  
  23  2:17  Marine  
  24  2:27  Marine  
  25  2:31  Marine, Refinery x2  
  25  2:35  SCV  
  27  2:39  SCV  
  27  2:41  Marine  
  29  2:46  Supply Depot  
  29  2:47  SCV  
  29  2:51  Marine, SCV  
  31  2:54  Marine  
  33  2:59  SCV  
  33  3:01  Barracks Tech Lab  
  33  3:03  SCV  
  35  3:09  Marine  
  35  3:11  SCV  
  35  3:12  Bunker, Marine  
  38  3:20  Marine  
  38  3:22  Stimpack, SCV  
  38  3:23  SCV  
  38  3:26  Supply Depot  
  38  3:27  Marine  
  42  3:34  Marine  
  42  3:38  Marine  
  44  3:42  SCV  
  44  3:43  SCV  
  44  3:45  Factory  
  44  3:47  Marine  
  47  3:50  Supply Depot  
  47  3:54  SCV  
  47  3:55  Marine, SCV  
  50  3:58  Refinery  
  50  4:00  Marine  
  51  4:04  Engineering Bay  
  51  4:06  SCV  
  51  4:07  Marine, SCV  
  54  4:13  Supply Depot, Marine  
  55  4:18  SCV  
  55  4:19  SCV  
  55  4:21  Marine  
  58  4:30  SCV, Factory Reactor  
  58  4:31  Starport, SCV  
  60  4:32  Terran Infantry Weapons Level 1  
  60  4:33  Barracks Reactor, Barracks Tech Lab  
  60  4:39  Marauder  
  60  4:41  Supply Depot  
  60  4:42  SCV  
  60  4:44  SCV  
  60  4:45  Missile Turret  
  64  4:50  Missile Turret  
  64  4:54  SCV  
  64  4:56  Marauder  
  64  4:57  SCV  
  68  5:00  Marauder  
  68  5:04  Supply Depot  
  68  5:05  Supply Depot  
  70  5:07  SCV  
  70  5:10  Marine x2  
  70  5:13  Factory Reactor  
  73  5:15  Medivac  
  73  5:16  Medivac  
  73  5:19  Marine  
  78  5:25  Combat Shields  
  78  5:28  Marauder  
  80  5:29  Marine x2  
  81  5:41  Marauder  
  77  5:46  Marine, Medivac  
  77  5:49  Marauder  
  82  5:53  Command Center  
  82  6:02  Marauder  
  84  6:04  Marine x2  
  84  6:11  Medivac, Marauder  
  88  6:13  Refinery  
  88  6:14  Supply Depot  
  90  6:20  Barracks  
  90  6:21  Barracks  
  90  6:24  Marauder  
  92  6:26  Medivac  
  94  6:35  Marine x3  
  94  6:36  SCV x2  
  96  6:50  Marauder, Widow Mine x2  
  96  6:54  Marauder  
  99  7:02  Marine  
  99  7:03  Medivac  
  99  7:05  Medivac  
  99  7:07  Orbital Command  
  104  7:09  Barracks Reactor, Barracks Tech Lab  
  104  7:11  Marauder  
  104  7:13  Terran Infantry Armor Level 1  
  104  7:14  Marine  
  104  7:15  Marauder  
  109  7:18  Supply Depot x2  
  109  7:20  Marine  
  110  7:27  Marine  
  110  7:32  Marine x2  
  110  7:37  Marauder  
  114  7:41  Marine, Widow Mine x2  
  114  7:42  Medivac  
  118  7:46  Marauder  
  118  7:50  Marauder  
  120  7:51  Marine  
  120  7:52  Marine  
  120  7:58  Marauder  
  116  8:01  Marine  
  113  8:07  Marine, Marauder  
  113  8:10  Marine x2, Widow Mine x2  
  113  8:11  Marine, Medivac  
  113  8:12  Medivac  
  123  8:16  Orbital Command  
  119  8:20  Marauder  
  119  8:22  Marine  
  119  8:25  Marine  
  121  8:29  Marauder  
  121  8:32  Marine, Marauder  
  123  8:38  Marine  
  123  8:40  Marine  
  116  8:42  Marauder, Concussive Shells  
  116  8:43  Marine  
  112  8:49  Marine  
  112  8:50  Marine  
  112  8:53  Marine  
  115  8:56  Marine  
  115  8:58  Marine  
  115  8:59  SCV x3  
  115  9:01  Marine  
  121  9:02  Marine  
  121  9:04  Medivac x2  
  126  9:11  SCV x3  
  128  9:19  Marauder  
  128  9:23  SCV x3  
Tags
 
Add a new tag
Caveats
  • Supply blocks, unpowered buildings, or Contaminate may cause inaccurate times.
  • Supply counts are checked every 10 seconds.